Map: Blackburn LE

Players

Reynor - Winner!

  • Race: Zerg Zerg
  • League: Master

Neeblet (Neeb)

  • Race: Protoss Protoss

VOD

Have the link to the VOD?

Description

Time

  • Played on: Oct. 21, 2021, 11:22 a.m.
  • Length: 11:57
Show
View Real Time Build Order
Export as new Build Order

Reynor Zerg - Winner!

Build Orders: Hatch First, Lurkers 

Get SALT Encoding   

  12  0:00  Drone  
  13  0:12  Overlord  
  13  0:17  Drone  
  14  0:30  Drone x2  
  16  0:49  Hatchery  
  15  0:52  Drone  
  15  0:55  Drone  
  17  0:58  Drone  
  18  1:08  Extractor  
  17  1:14  Spawning Pool  
  17  1:17  Drone  
  17  1:21  Drone  
  18  1:28  Drone  
  19  1:39  Drone  
  20  1:49  Overlord  
  20  2:01  Queen x2, Zergling x4  
  26  2:11  Drone x2  
  26  2:13  Metabolic Boost  
  28  2:21  Drone  
  29  2:24  Drone  
  30  2:42  Drone, Hatchery  
  30  2:43  Drone  
  31  2:45  Drone  
  31  2:48  Overlord  
  32  2:57  Drone x2  
  34  3:06  Queen  
  34  3:08  Drone x3  
  34  3:12  Zergling x4  
  40  3:18  Queen  
  41  3:22  Overlord  
  41  3:23  Zergling x2  
  42  3:29  Zergling x2  
  42  3:31  Zergling x2  
  44  3:37  Overlord  
  44  3:43  Zergling x2  
  44  3:47  Drone x2  
  44  3:48  Drone  
  48  3:49  Queen  
  48  3:52  Zergling x2  
  48  3:53  Overlord  
  51  4:00  Zergling x2  
  52  4:03  Queen  
  52  4:05  Zergling x6  
  57  4:10  Overlord  
  57  4:11  Queen  
  57  4:15  Drone x2  
  61  4:18  Drone  
  61  4:19  Overlord  
  61  4:20  Drone  
  61  4:21  Drone  
  64  4:26  Drone x2  
  64  4:27  Drone  
  64  4:29  Overlord  
  64  4:31  Drone  
  68  4:33  Drone  
  68  4:36  Overlord  
  68  4:40  Zergling x2  
  68  4:44  Zergling x2  
  70  4:48  Drone x3  
  73  4:52  Overlord  
  73  4:54  Drone x2  
  73  4:58  Drone  
  76  5:00  Queen  
  76  5:01  Drone  
  76  5:04  Drone  
  76  5:05  Roach Warren  
  76  5:06  Extractor x2  
  77  5:08  Drone x3  
  77  5:11  Spore Crawler  
  77  5:12  Drone x2  
  80  5:19  Overlord  
  80  5:20  Drone x2  
  80  5:21  Drone, Lair  
  83  5:22  Drone  
  83  5:27  Drone, Extractor  
  83  5:28  Extractor  
  83  5:29  Drone  
  83  5:30  Drone  
  83  5:31  Drone x2, Evolution Chamber  
  83  5:32  Drone  
  87  5:40  Drone x2  
  89  5:47  Drone  
  89  5:48  Drone  
  91  5:50  Drone x2  
  91  5:55  Drone x2  
  91  5:56  Drone  
  96  5:57  Zerg Missile Weapons Level 1, Overlord  
  96  5:58  Drone  
  96  6:00  Extractor  
  96  6:04  Roach x2  
  100  6:05  Roach x2  
  100  6:06  Hatchery  
  100  6:11  Roach x3  
  109  6:22  Glial Reconstitution  
  109  6:23  Infestation Pit  
  108  6:27  Roach x6  
  108  6:29  Overlord  
  120  6:39  Roach  
  122  6:40  Overlord  
  122  6:43  Overlord  
  122  6:44  Overlord  
  121  6:48  Roach x4  
  121  6:50  Overlord  
  129  6:55  Overlord  
  129  6:59  Drone x6  
  133  7:01  Roach  
  133  7:02  Roach  
  133  7:03  Ravager x4  
  133  7:05  Drone  
  133  7:06  Overseer  
  142  7:09  Hive  
  142  7:10  Drone  
  142  7:13  Zergling x6  
  142  7:15  Drone x2  
  147  7:16  Drone x2, Hydralisk Den  
  147  7:20  Zergling x2  
  148  7:23  Zergling x2  
  148  7:25  Zergling x4  
  148  7:29  Zergling x4  
  154  7:30  Drone, Zergling x2  
  154  7:31  Queen  
  154  7:32  Extractor, Overlord  
  154  7:33  Extractor  
  154  7:36  Drone  
  156  7:38  Zergling x2  
  156  7:40  Overlord  
  156  7:42  Drone x3  
  160  7:51  Hatchery, Lurker Den  
  159  7:56  Zergling x6  
  159  7:57  Overlord  
  161  8:07  Drone x3  
  161  8:10  Zerg Missile Weapons Level 2  
  161  8:11  Hydralisk x8  
  180  8:17  Ravager  
  176  8:28  Hydralisk x2  
  176  8:29  Zergling x12  
  176  8:30  Zergling x4, Hydralisk  
  172  8:34  Roach x2  
  172  8:36  Roach x2  
  172  8:37  Zergling x2  
  167  8:43  Overlord  
  167  8:45  Roach x6  
  167  8:46  Roach  
  181  8:53  Lurker x6  
  181  8:55  Zergling x6  
  189  8:58  Adaptive Talons  
  189  9:00  Zergling x4  
  190  9:02  Zergling x2  
  190  9:03  Zergling x2  
  186  9:22  Overlord  
  184  9:25  Hydralisk x3  
  184  9:26  Zergling x12  
  184  9:29  Overlord  
  195  9:31  Hydralisk x2  
  195  9:32  Hydralisk  
  192  9:41  Extractor  
  192  9:42  Extractor  
  192  9:44  Lurker x4  
  193  9:46  Zergling x14  
  191  10:00  Seismic Spines  
  191  10:01  Zergling x14  
  191  10:05  Hatchery  
  185  10:07  Hydralisk x2  
  185  10:10  Hydralisk  
  185  10:12  Lurker x2  
  185  10:13  Zergling x2  
  179  10:16  Queen  
  179  10:17  Drone  
  179  10:18  Hydralisk x2  
  179  10:19  Zergling x6  
  189  10:24  Lurker  
  180  10:35  Hydralisk  
  180  10:36  Zergling x2, Hydralisk x2  
  180  10:37  Zergling x2  
  180  10:40  Overlord  
  171  10:44  Hydralisk x4  
  171  10:45  Hydralisk x2  
  183  10:50  Drone x4, Lurker  
  183  10:51  Drone x2  
  183  10:53  Roach x2  
  183  10:54  Roach x2  
  194  11:07  Roach x2  
  194  11:08  Zergling x8  
  192  11:14  Lurker x3  
  192  11:16  Drone x4  
  199  11:19  Zergling x2  
  196  11:27  Hydralisk  
  196  11:28  Zergling x10  
  184  11:51  Spire x2  
Show
View Real Time Build Order
Export as new Build Order

Neeblet Protoss 

Build Orders:  

Get SALT Encoding   

  12  0:00  Probe  
  13  0:12  Probe  
  14  0:19  Pylon  
  14  0:24  Probe  
  15  0:37  Probe (Chrono Boost)  
  16  0:47  Probe (Chrono Boost)  
  17  0:52  Probe (Chrono Boost)  
  18  1:06  Nexus  
  18  1:17  Gateway  
  18  1:19  Probe  
  18  1:24  Assimilator  
  19  1:31  Probe  
  19  1:32  Assimilator  
  20  1:43  Probe  
  20  1:46  Gateway  
  21  1:56  Probe  
  22  2:04  Cybernetics Core  
  22  2:08  Probe  
  23  2:16  Pylon  
  23  2:19  Probe  
  23  2:20  Probe  
  25  2:32  Probe x2  
  27  2:39  Adept (Chrono Boost)  
  27  2:40  Adept (Chrono Boost), Warp Gate (Chrono Boost)  
  27  2:41  Shield Battery  
  31  2:45  Probe  
  31  2:48  Probe  
  33  2:57  Probe  
  34  3:01  Adept  
  34  3:02  Adept  
  37  3:09  Probe x2  
  39  3:21  Probe  
  39  3:25  Probe  
  41  3:28  Stargate, Pylon  
  41  3:33  Probe  
  42  3:36  Adept x2  
  46  3:42  Pylon  
  46  3:46  Probe x2  
  48  3:58  Probe x2  
  48  4:00  Assimilator  
  48  4:01  Assimilator  
  50  4:05  Void Ray (Chrono Boost), Nexus  
  50  4:10  Probe x2  
  50  4:13  Pylon  
  56  4:22  Adept x2  
  60  4:24  Probe  
  60  4:27  Probe  
  62  4:35  Pylon  
  62  4:37  Probe  
  63  4:38  Oracle (Chrono Boost)  
  63  4:39  Probe  
  63  4:44  Forge  
  67  4:48  Twilight Council  
  67  4:51  Probe  
  68  4:55  Probe  
  68  4:57  Pylon  
  68  4:59  Sentry  
  71  5:00  Sentry  
  71  5:03  Gateway  
  71  5:05  Probe  
  74  5:07  Probe, Gateway  
  74  5:09  Blink  
  74  5:11  Protoss Ground Weapons Level 1 (Chrono Boost)  
  75  5:17  Probe x2  
  75  5:19  Probe  
  78  5:29  Probe x2 (Chrono Boost)  
  78  5:33  Stalker x2  
  85  5:35  Probe (Chrono Boost)  
  85  5:41  Probe x2 (Chrono Boost)  
  87  5:42  Pylon  
  87  5:46  Robotics Facility  
  87  5:48  Probe x2 (Chrono Boost)  
  88  5:51  Gateway  
  88  5:53  Gateway  
  88  5:55  Gateway  
  89  5:57  Probe  
  89  6:01  Gateway  
  90  6:04  Pylon  
  90  6:06  Probe  
  90  6:08  Gateway  
  90  6:10  Sentry x3  
  97  6:11  Probe  
  97  6:14  Probe  
  97  6:15  Assimilator x2  
  99  6:21  Probe  
  99  6:24  Probe  
  101  6:28  Probe  
  102  6:35  Stalker  
  102  6:36  Stalker  
  102  6:37  Stalker  
  108  6:40  Nexus  
  108  6:42  Pylon  
  108  6:49  Observer  
  109  6:57  Stalker x4  
  117  7:02  Pylon  
  117  7:03  Pylon  
  117  7:04  Stalker x4  
  117  7:07  Photon Cannon  
  117  7:08  Protoss Ground Weapons Level 2 (Chrono Boost)  
  125  7:13  Photon Cannon  
  125  7:15  Charge (Chrono Boost)  
  125  7:16  Pylon  
  125  7:25  Probe x2  
  125  7:26  Immortal (Chrono Boost)  
  131  7:32  Robotics Bay  
  131  7:35  Probe  
  132  7:41  Probe  
  132  7:42  Probe  
  132  7:44  Assimilator  
  134  7:46  Robotics Facility  
  134  7:47  Phoenix  
  134  7:48  Assimilator  
  135  7:51  Probe  
  135  7:55  Stalker x4  
  135  7:56  Stalker  
  135  7:58  Probe  
  146  7:59  Probe x2  
  146  8:04  Pylon  
  148  8:06  Pylon  
  148  8:11  Photon Cannon  
  148  8:17  Probe  
  149  8:31  Stalker x7  
  149  8:32  Stalker  
  149  8:46  Disruptor  
  149  8:47  Disruptor  
  155  8:55  Stalker x7  
  169  8:58  Probe  
  169  9:01  Probe x2  
  172  9:07  Pylon x2  
  170  9:11  Templar Archives, Pylon  
  170  9:15  Protoss Air Weapons Level 1 (Chrono Boost)  
  168  9:28  Stalker x3  
  168  9:30  Stalker x4  
  180  9:34  Disruptor x2 (Chrono Boost)  
  186  9:50  Stargate  
  186  9:53  Stargate  
  184  10:00  Fleet Beacon  
  184  10:01  Probe  
  185  10:12  Zealot x7  
  168  10:48  Zealot x4  
  168  10:49  Zealot x4  
  180  10:57  Carrier (Chrono Boost)  
  180  10:58  Carrier x2 (Chrono Boost)  
  180  11:01  Pylon, Nexus  
  192  11:19  High Templar x3  
  192  11:20  High Templar  
  192  11:25  Archon  
  167  11:33  Archon  
  167  11:39  Stalker x4  
  121  11:50  Stalker x2  
  121  11:51  Stalker x2  
  121  11:52  Stalker x2  
Tags
 
Add a new tag
Caveats
  • Supply blocks, unpowered buildings, or Contaminate may cause inaccurate times.
  • Supply counts are checked every 10 seconds.